 Dungeon Crawl Stone Soup version 0.31-a0-692-gf03d1854d5 (webtiles) character file.

Game seed: 15580907424590522942

285 qw the Shooter (level 6, -10/37 HPs)
             Began as a Gargoyle Hunter on Sept 6, 2023.
             Killed by divine providence
             ... invoked by an orc priest
              (12 damage)
             ... on level 3 of the Dungeon.
             The game lasted 00:00:42 (1748 turns).

qw the Shooter (Gargoyle Hunter)                    Turns: 1748, Time: 00:00:42

Health: -10/37     AC: 15    Str: 15    XL:     6   Next: 29%
Magic:  6/6        EV: 11    Int:  9    God:
Gold:   68         SH:  0    Dex: 15    Spells: 5/5 levels left

rFire   . . .        Y - +1 shortbow
rCold   . . .        (shield currently unavailable)
rNeg    + . .        d - +0 ring mail
rPois   inf          h - +0 helmet
rElec   +            (no cloak)
rCorr   .            (no gloves)
SInv    .            (no boots)
Will    .....        (no amulet)
Stlth   +            e - +4 ring of protection
HPRegen 0.26/turn    (no ring)
MPRegen 0.10/turn

%: no passive effects
@: no status effects
A: sickness immunity, AC +4, negative energy resistance 1, electricity
resistance, torment resistance 1, petrification resistance
a: no special abilities


You were on level 3 of the Dungeon.
You visited 1 branch of the dungeon, and saw 3 of its levels.

You collected 68 gold pieces.


Innate Abilities, Weirdness & Mutations

You are immune to sickness and miasma.
Your stone body is resilient. (AC +4)
You are immune to poison.
You resist negative energy. (rN+)
You are resistant to electric shocks. (rElec)
You are resistant to unholy torment.
You are immune to petrification.


   Skills:
 - Level 3.0 Fighting
 + Level 5.4 Ranged Weapons
 - Level 4.7 Armour
 - Level 1.5 Dodging
 - Level 1.1 Stealth


You had 5 spell levels left.
You didn't know any spells.
Your spell library was empty.

Inventory:

Hand Weapons
 Y - a +1 shortbow (weapon)
Armour
 d - a +0 ring mail (worn)
 h - a +0 helmet (worn)
Jewellery
 e - a +4 ring of protection (left hand)
Scrolls
 b - a scroll of fear {unknown}
Potions
 a - a potion of cancellation {unknown}
 f - a potion of magic {unknown}
 i - a potion of might {unknown}
 j - a potion of brilliance {unknown}

Dungeon Overview and Level Annotations

Branches:
Dungeon (3/15)

Altars:
Fedhas

Annotations:
D:3 1 transporter, qw's ghost, amateur GrHu


Message History

The orc priest cheers noisily.
The orc priest attacks as it pursues you!
The orc priest hits you but does no damage.
You shoot an arrow. The arrow hits the orc priest.
The orc priest is severely wounded.
The orc priest hits you but does no damage.
The orc wizard mumbles some strange words.
The orc wizard flickers and vanishes!
Deactivating autopickup; reactivate with Ctrl-A.
An orc comes into view. It is wielding a +0 war axe.
You shoot an arrow. The arrow hits the orc priest.
The orc priest is severely wounded.
Something completely misses you.
The orc priest looks satisfied for a moment.
You shoot an arrow. The arrow hits the orc priest.
The orc priest is almost dead.
The orc hits you with a +0 war axe. Something hits you.
The orc priest looks satisfied for a moment.
You shoot an arrow.
The arrow hits the orc priest but does no damage.
The orc priest is almost dead.
The orc hits you but does no damage. Something hits you but does no damage.
The orc priest hits you but does no damage.
You shoot an arrow. The arrow hits the orc priest.
You kill the orc priest!
You hear some strange, mumbled words.
A magic dart appears from out of thin air!
The magic dart hits you! The orc hits you with a +0 war axe.
Something hits you but does no damage.
You shoot an arrow. The arrow hits the orc.
The orc is almost dead.
The orc hits you but does no damage. Something hits you but does no damage.
The orc priest looks satisfied for a moment.
You shoot an arrow. The arrow completely misses the orc.
The orc barely misses you. x2; Something hits you but does no damage.
You shoot an arrow. The arrow closely misses the orc.
The orc hits you with a +0 dagger. The orc hits you but does no damage.
The orc priest calls down the wrath of Beogh upon you.
Beogh smites you!
You die...

.... .... ##. ....
..##.... ###+###
#...###. #.....#
#....##. #.....#
#.##....
#o{...#####.##..##
#@oo..............
###'##....^.......
...##...###......
....o##..##.###...#
..o....##..#.K.
#..##
o...o..##..##..#####
o...........##.. .x.
.............
#.....# .......
x##.?.


You could see an orc priest and 2 orcs.

Vanquished Creatures
  Sigmund (D:2)
  An orc priest (D:3)
  3 adders (D:2)
  A dart slug (D:1)
  2 orcs (D:3)
  7 endoplasms
  3 giant cockroaches
  7 hobgoblins
  4 jackals (D:1)
  3 kobolds (D:1)
  4 quokkas
  2 ball pythons (D:1)
  5 bats
  6 frilled lizards
  A goblin (D:2)
  6 rats
56 creatures vanquished.

Notes
Turn   | Place    | Note
-------+----------+-------------------------------------------
     0 | D:1      | qw the Gargoyle Hunter began the quest for the Orb.
     0 | D:1      | Reached XP level 1. HP: 12/12 MP: 1/1
     0 | D:1      | 0 ||| qw: Version: 0.3-a-76-g4403597
     0 | D:1      | 0 ||| qw: Game counter: 244
     0 | D:1      | 0 ||| qw: Melee chars always use a shield: true
     0 | D:1      | 0 ||| qw: God list: Okawaru
     0 | D:1      | 0 ||| qw: Allow faded altars: false
     0 | D:1      | 0 ||| qw: Do Orc after clearing Dungeon:15 true
     0 | D:1      | 0 ||| qw: Do second Lair branch before Depths: true
     0 | D:1      | 0 ||| qw: Lair rune preference: random
     0 | D:1      | 0 ||| qw: Goals: Normal
     0 | D:1      | 0 ||| PLANNING D:1-11
    69 | D:1      | Reached XP level 2. HP: 17/17 MP: 2/2
   229 | D:1      | Reached XP level 3. HP: 21/21 MP: 3/3
   538 | D:1      | Reached skill level 5 in Ranged Weapons
   624 | D:1      | 624 ||| UPGRADING to +0 ring mail.
   634 | D:1      | 634 ||| DROPPING +0 leather armour.
   635 | D:1      | 635 ||| UPGRADING to +0 helmet.
   640 | D:1      | 640 ||| READING scroll labelled GIT QUOFYBLAT.
   643 | D:1      | 643 ||| READING scroll labelled ESIOTS NILLYT.
   644 | D:1      | 644 ||| DROPPING scroll of butterflies.
   671 | D:2      | Noticed Sigmund
   688 | D:2      | HP: 1/22 [something/puff of flame (7)]
   691 | D:2      | Killed Sigmund
   692 | D:2      | Reached XP level 4. HP: 3/27 MP: 4/4
   692 | D:2      | Reached XP level 5. HP: 3/31 MP: 5/5
  1074 | D:2      | Reached skill level 3 in Fighting
  1074 | D:2      | Reached XP level 6. HP: 37/37 MP: 6/6
  1405 | D:2      | Found a blossoming altar of Fedhas.
  1646 | D:2      | 1646 ||| UPGRADING to +4 ring of protection.
  1647 | D:2      | 1647 ||| READING scroll labelled REIDOESIOM.
  1648 | D:2      | 1648 ||| READING scroll labelled GOOFOX GAC.
  1706 | D:3      | Found a transporter.
  1709 | D:3      | Noticed qw's ghost (amateur GrHu)
  1709 | D:3      | Noticed a small abomination
  1716 | D:3      | Noticed a small abomination
  1726 | D:3      | 1726 ||| Stepping ~*~*~tactically~*~*~ (outnumbered).
  1733 | D:3      | 1733 ||| Stepping ~*~*~tactically~*~*~ (retreating).
  1740 | D:3      | 1740 ||| Stepping ~*~*~tactically~*~*~ (retreating).
  1745 | D:3      | HP: 9/37 [something/magic dart (7)]
  1745 | D:3      | HP: 3/37 [orc/+0 war axe (6)]
  1748 | D:3      | Killed from afar by an orc priest

Levels and vault maps discovered:
D:1:      amcnicky_arrival_flooded_fountain, layout_basic, minivault_19
D:2:      layout_loops_corners, basic_altar, minmay_misc_feat_four_crosses,
          uniq_sigmund
D:3:      layout_basic, serial_shops, shop, gammafunk_ghost_abyssal_escape

Skill      XL: |  1  2  3  4  5 |
---------------+----------------+-----
Ranged Weapons | 5 |  5.4
Armour         | 4 |  4.7
Fighting       | 3 |  3.0
Dodging        | |  1.5
Stealth        | |  1.1

Action                     |  1- 3 |  4- 6 || total
---------------------------+-------+-------++-------
   Fire: Shortbow          |    89 |    87 ||   176
    Use: Scroll            |     2 |     2 ||     4
 Armour: Leather armour    |    14 |       ||    14
         Ring mail         |     8 |    38 ||    46
  Dodge: Dodged            |    19 |    16 ||    35

Table legend:
 A = Non-vault XP
 B = Vault XP
 C = Vault XP percentage of total XP
 D = Non-vault monster count
 E = Vault monster count
 F = Vault count percentage of total count
                 A         B        C        D         E       F
            +---------+---------+-------+---------+---------+-------
      Total |     169 |     239 |  58.6 |      55 |       1 |   1.8
            +---------+---------+-------+---------+---------+-------
        D:1 |      49 |       0 |   0.0 |      27 |       0 |   0.0
        D:2 |      72 |     239 |  76.8 |      24 |       1 |   4.0
        D:3 |      48 |       0 |   0.0 |       4 |       0 |   0.0
            +---------+---------+-------+---------+---------+-------
